 Dungeon Sprint DCSS version 0.23-a0-629-gae4348f (webtiles) character file.

0 Lanoc the Skirmisher (level 1, -9/19 HPs)
             Began as a Draconian Fighter on Dec 27, 2018.
             Was a Follower of Zin.
             Mangled by Sigmund
             ... wielding a +3 scythe of venom
              (15 damage)
             ... in the Dungeon (Sprint VI: "Thunderdome").
             The game lasted 00:02:40 (111 turns).

Lanoc the Skirmisher (Draconian Fighter)             Turns: 111, Time: 00:02:41

Health: -9/19      AC:  4    Str: 28    XL:     1   Next: 33%
Magic:  1/1        EV: 10    Int:  8    God:    Zin [*.....]
Gold:   18         SH: 10    Dex: 14    Spells: 0/0 levels left

rFire    . . .     SeeInvis .   a - +0 long sword
rCold    . . .     Gourm    .   b - +0 shield
rNeg     . . .     Faith    .   (armour unavailable)
rPois    +         Spirit   .   (helmet restricted)
rElec    .         Reflect  .   (no cloak)
rCorr    .         Harm     .   (no gloves)
MR       .....     NoTele   +   (no boots)
Stlth    +.........             p - amulet "Zuevvop" {Regen+ Str+3}
HPRegen  0.46/turn              o - ring of Dun Tita {*Drain +Inv rPois Str+3}
MPRegen  0.07/turn              q - ring of Afu Hisa {Str+4 Dex+4}

@: drained
A: unfitting armour, cold-blooded, AC +4
a: Recite, Donate Gold, Renounce Religion, Evoke Invisibility


You were in the Dungeon.
You worshipped Zin.
Zin was aware of your devotion.
You were not hungry.

You visited 1 branch You collected 200 gold pieces.
You spent 180 gold pieces at shops.
You donated 2 gold pieces to Zin.

Inventory:

Hand Weapons
 a - a +0 long sword (weapon)
Armour
 b - a +0 shield (worn)
Jewellery
 o - the ring of Dun Tita (left hand) {*Drain +Inv rPois Str+3}
   (You bought it in a shop in the Dungeon)

   [ring of poison resistance]

   It affects your strength (+3).
   It protects you from poison.
   It lets you turn invisible.
   It causes draining when unequipped.
 p - the amulet "Zuevvop" (around neck) {Regen+ Str+3}
   (You bought it in a shop in the Dungeon)

   [amulet of regeneration]

   It affects your strength (+3).
   It increases your rate of regeneration.
 q - the ring of Afu Hisa (right hand) {Str+4 Dex+4}
   (You bought it in a shop in the Dungeon)

   [ring of dexterity]

   It affects your strength (+4).
   It affects your dexterity (+4).
Wands
 l - a wand of acid (5)
 m - a wand of iceblast (5)
Scrolls
 j - 4 scrolls of blinking
 n - 3 scrolls of fog
Potions
 c - a potion of might
 e - a potion of curing
 f - 4 potions of heal wounds
 g - 4 potions of haste
 h - 2 potions of magic
 i - a potion of berserk rage
 k - a potion of resistance
Comestibles
 d - a ration


   Skills:
 + Level 3.5(2.7) Fighting
 * Level 2.5(1.7) Long Blades
 + Level 2.9(2.1) Dodging
 + Level 3.2(2.4) Shields
 + Level 0.8(0.1) Invocations


You couldn't memorise any spells.
You didn't know any spells.
Your spell library was empty.

Dungeon Overview and Level Annotations

Branches:
Dungeon (1/1)

Altars:
Cheibriados
Dithmenos
Fedhas
Gozag
Kikubaaqudgha
Makhleb
Okawaru
Qazlal
Ru
Sif Muna
Trog
Uskayaw
Vehumet
Wu Jian
Xom
Yredelemnul
Zin
The Shining One
Beogh
Jiyva
Lugonu

Shops:
D *[%??*?*:[((!!!!

Annotations:
D Sigmund


Innate Abilities, Weirdness & Mutations

Your plain brown scales are hard. (AC +4)
You cannot fit into any form of body armour.
You are cold-blooded and may be slowed by cold attacks.


Message History

A kobold comes into view. It is wielding a +0 whip.
Sigmund casts a spell.
Sigmund flickers and vanishes!
Deactivating autopickup; reactivate with Ctrl-A.
The kobold moves out of view.
Drop what? 17/52 slots (_ for help) (? for menu, Esc to quit)
You start removing your armour.
You continue taking off your +0 shield. x2
Keep disrobing? [Y]es or [N]o only, please.
Keep disrobing?
Uppercase [Y]es or [N]o only, please.
Keep disrobing?
You stop removing your armour.
Something hits you.
The kobold throws a stone.
You block the stone.
You see here a stone.
Something hits you!
Ouch! That really hurt!
You slash something! Something hits you!
Ouch! That really hurt!
You die...

###∩........8.# #.8........∩###
#.............###.............##
⌠".........###...###..........⌠#
⌠..........# #.<.# #..........⌠#
⌠..........###...###..........⌠#
#.............###.............##
###∩........8.# #.8K.......∩###
##∩_._......###......___∩##
######.8.....@{..8.######
#⌠.....(.....⌠# ###....)....###
#........_# #_......._#
#_......._# #∩.......∩#
##∩.....∩## ##.....##


You could see a kobold.

Vanquished Creatures
  An orc (D)
  A bat (D)
2 creatures vanquished.

Notes
Turn   | Place    | Note
-------+----------+-------------------------------------------
     0 | D        | Lanoc the Draconian Fighter began the quest for the Orb.
     0 | D        | Reached XP level 1. HP: 19/19 MP: 1/1
     3 | D        | Found an opulent altar of Gozag.
     3 | D        | Found a radiant altar of Vehumet.
     4 | D        | Found a shimmering altar of Xom.
     5 | D        | Found a glowing silver altar of Zin.
     5 | D        | Found a blossoming altar of Fedhas.
     5 | D        | Round 1.
     6 | D        | Found Vawkeac's Delicious Food.
     6 | D        | Found a roughly hewn altar of Beogh.
     6 | D        | Found Sugh's Identification Station.
     7 | D        | Found Maseajaet's Jewellery.
     7 | D        | Found Xaskowk's Advanced Armour.
    15 | D        | Bought a pitted brass ring for 45 gold pieces
    15 | D        | Bought a slimy golden amulet for 45 gold pieces
    15 | D        | Bought a coiled steel amulet for 45 gold pieces
    15 | D        | Identified the ring of Dun Tita {*Drain +Inv rPois Str+3}
                  | (You bought it in a shop in the Dungeon)
    16 | D        | Identified the amulet "Zuevvop" {Regen+ Str+3} (You bought
                  | it in a shop in the Dungeon)
    18 | D        | Identified the amulet "Vuskeash" {Harm *Corrode *Drain +Inv
                  | rN++ SInv} (You bought it in a shop in the Dungeon)
    26 | D        | Bought a pitted golden ring for 45 gold pieces
    26 | D        | Identified the ring of Afu Hisa {Str+4 Dex+4} (You bought
                  | it in a shop in the Dungeon)
    34 | D        | Became a worshipper of Zin the Law-Giver
    34 | D        | Reached * piety under Zin
    39 | D        | Found a deep blue altar of Sif Muna.
    40 | D        | Found Udemp's Magic Scroll Shop.
    41 | D        | Found Istunic's Magic Scroll Shop.
    41 | D        | Found Keafur's Must-Have Magic.
    42 | D        | Found a glowing golden altar of the Shining One.
    42 | D        | Found a basalt altar of Yredelemnul.
    42 | D        | Found a viscous altar of Jiyva.
    42 | D        | Found Qupatz's Staff Store.
    46 | D        | Found a stormy altar of Qazlal.
    47 | D        | Found a snail-covered altar of Cheibriados.
    48 | D        | Found a hide-covered altar of Uskayaw.
    49 | D        | Found Firuuwn's Distillery.
    50 | D        | Found Utozeemiwo's Distillery.
    50 | D        | Found Guku Fuh's Bottled Wisdom.
    51 | D        | Found a corrupted altar of Lugonu.
    51 | D        | Found a shadowy altar of Dithmenos.
    51 | D        | Found an ancient bone altar of Kikubaaqudgha.
    51 | D        | Found Cocru's Do-It-Yourself Clinic.
    55 | D        | Found a burning altar of Makhleb.
    56 | D        | Found a sacrificial altar of Ru.
    57 | D        | Found a bloodstained altar of Trog.
    58 | D        | Found Reucay's Weapon Rack.
    59 | D        | Found Avemiuw's Basic Armour.
    59 | D        | Found Tesiobek's Miscellaneous Merchandise.
    60 | D        | Found an ornate altar of the Wu Jian Council.
    60 | D        | Found an iron altar of Okawaru.
    60 | D        | Found Kaop Sanamo's Premium Goods.
   104 | D        | Noticed Sigmund
   111 | D        | Mangled by Sigmund

Vault maps used:
D:        arena_sprint

Action                   || total
-------------------------++-------
Melee: Long sword        ||     9
       Tailslap          ||     1
Armor: Skin              ||     4
Dodge: Dodged            ||     5
Block: Shield            ||     7
       Rpst.: Long sword ||     1

Table legend:
 A = Non-vault XP
 B = Vault XP
 C = Vault XP percentage of total XP
 D = Non-vault monster count
 E = Vault monster count
 F = Vault count percentage of total count
                 A         B        C        D         E       F
            +---------+---------+-------+---------+---------+-------
      Total |       4 |       0 |   0.0 |       2 |       0 |   0.0
            +---------+---------+-------+---------+---------+-------
          D |       4 |       0 |   0.0 |       2 |       0 |   0.0
            +---------+---------+-------+---------+---------+-------
